 Dungeon Crawl Stone Soup version 0.21.0-24-g2553a33 (webtiles) character file.

744 tidbits the Covered (level 7, 0/60 HPs)
             Began as a Gnoll Wanderer on Jan 19, 2018.
             Was a Follower of Cheibriados.
             Slain by a wight
             ... wielding a cursed +3 halberd of freezing
              (1 damage)
             ... on level 8 of the Dungeon.
             The game lasted 00:13:51 (1521 turns).

tidbits the Covered (Gnoll Wanderer)                Turns: 1521, Time: 00:13:52

Health: 0/60       AC: 14    Str: 24    XL:     7   Next: 76%
Magic:  10/10      EV: 11    Int: 17    God:    Cheibriados [*.....]
Gold:   80         SH:  0    Dex: 20    Spells: 7/11 levels left

rFire    . . .     SeeInvis .   m - +0 war axe
rCold    . . .     Gourm    .   (no shield)
rNeg     . . .     Faith    .   B - +2 scale mail
rPois    .         Spirit   .   E - +1 helmet
rElec    .         Reflect  .   (no cloak)
rCorr    .         Harm     .   (no gloves)
MR       .....                  (no boots)
Stlth    +.........             (no amulet)
HPRegen  0.20/turn              U - +2 ring of protection
MPRegen  0.12/turn              (no ring)

@: mighty, drained, very slow
A: distributed training, fangs 1, hooves 1, agile 1, strong nose
a: Bend Time, Renounce Religion


You were on level 8 of the Dungeon.
You worshipped Cheibriados.
Cheibriados was aware of your devotion.
You were full.

You visited 1 branch of the dungeon, and saw 8 of its levels.

You collected 80 gold pieces.

Inventory:

Hand Weapons
 a - a +1 hand axe
 b - a +0 hunting sling of velocity
   (You found it on level 8 of the Dungeon)
 g - a +0 dagger
 m - a +0 war axe (weapon)
Missiles
 e - 3 poisoned tomahawks (quivered)
Armour
 B - a +2 scale mail (worn)
 E - a +1 helmet (worn)
Jewellery
 U - a +2 ring of protection (left hand)
   (You found it on level 6 of the Dungeon)
Wands
 t - a wand of iceblast (1)
Scrolls
 i - 3 scrolls of identify
 k - a scroll of enchant weapon
 l - 2 scrolls of fog
 q - a scroll of noise
 r - 2 scrolls of remove curse
 s - a scroll of magic mapping
Potions
 j - 2 potions of curing
 n - 2 potions of might
 o - 2 potions of brilliance
 p - a potion of flight
Books
 h - the Papyrus of the Voyage and Evil Rituals
   (You found it on level 5 of the Dungeon)

   Spells                             Type                      Level
   a - Portal Projectile              Hexes/Translocation          3
   b - Passage of Golubria            Translocation                4
   c - Excruciating Wounds            Charms/Necromancy            5
   d - Controlled Blink               Translocation                8
Comestibles
 c - 3 rations


   Skills:
 + Level 7.1(6.6) Fighting
 + Level 2.6(2.2) Short Blades
 + Level 2.6(2.2) Long Blades
 + Level 5.3(4.8) Axes
 + Level 2.6(2.2) Maces & Flails
 + Level 2.6(2.2) Polearms
 + Level 2.6(2.2) Staves
 + Level 2.6(2.2) Slings
 + Level 2.6(2.2) Bows
 + Level 2.6(2.2) Crossbows
 + Level 2.6(2.2) Throwing
 + Level 7.1(6.6) Armour
 + Level 2.6(2.2) Dodging
 + Level 3.6(3.1) Stealth
 + Level 3.7(3.3) Shields
 + Level 2.6(2.2) Unarmed Combat
 + Level 2.6(2.2) Spellcasting
 + Level 2.1(1.7) Conjurations
 + Level 2.1(1.7) Hexes
 + Level 2.1(1.7) Charms
 + Level 2.1(1.7) Summonings
 + Level 2.1(1.7) Necromancy
 + Level 2.1(1.7) Translocations
 + Level 2.1(1.7) Transmutations
 + Level 2.1(1.7) Fire Magic
 + Level 2.1(1.7) Ice Magic
 + Level 2.1(1.7) Air Magic
 + Level 2.1(1.7) Earth Magic
 + Level 2.1(1.7) Poison Magic
 + Level 2.9(2.5) Invocations
 + Level 2.6(2.2) Evocations


You had 7 spell levels left.
You knew the following spells:

 Your Spells              Type           Power        Failure   Level  Hunger
g - Passage of Golubria   Tloc           N/A          90%         4    #####..


Dungeon Overview and Level Annotations

Branches:
Dungeon (8/15)             Temple (0/1) D:6
   Lair: D:8-11

Altars:
Cheibriados
Nemelex Xobeh
Qazlal

Annotations:
D:2 Natasha
D:4 Blork the orc
D:6 Pikel


Innate Abilities, Weirdness & Mutations

Your experience applies equally to all skills.
You have very sharp teeth.
Your uncanny sense of smell can sniff out nearby items.
You have large cloven feet.
You are agile. (Dex +2)


Message History

Cheibriados appreciates the change of pace.
You feel your dexterity returning.
The wight hits you from afar with a trident.
The wight closely misses you. x2
Unknown command.
Throwing (i - inventory. (,) - cycle):
f - a tomahawk (quivered)
Press: ? - help, Shift-Dir - straight line, f/p - wight
Aim: a wight, wielding an enchanted morningstar and wearing a robe You throw a tomahawk.
The tomahawk closely misses the wight.
The tomahawk barely misses the wight.
The wight hits you but does no damage.
The wight hits you from afar with a halberd of freezing.
You feel drained. The wight freezes you. The wight hits you with a short sword.
* * * LOW HITPOINT WARNING * * *
You feel drained.
Unknown command.
Throwing (i - inventory):
e - 4 poisoned tomahawks (quivered)
Press: ? - help, Shift-Dir - straight line, f - wight, p - wight
Aim: a wight, wielding a halberd of freezing and wearing a robe You throw a poisoned tomahawk.
The poisoned tomahawk hits the wight but does no damage.
The wight barely misses you.
The wight hits you from afar with a halberd of freezing.
* * * LOW HITPOINT WARNING * * *
The wight freezes you.
* * * LOW HITPOINT WARNING * * *
The wight hits you but does no damage. The phantom closely misses you.
Evoke which item? (* to show all) (? for menu, Esc to quit)
Okay, then.
The phantom completely misses you. The wight closely misses you.
Evoke which item? (* to show all) (? for menu, Esc to quit)
Okay, then.
The wight closely misses you. The phantom hits you.
* * * LOW HITPOINT WARNING * * *
The phantom blinks!
Unknown command.
Evoke which item? (* to show all) (? for menu, Esc to quit)
Aiming: Iceblast
Press: ? - help, Shift-Dir - straight line, f - wight, p - wight
Aim: a wight, wielding an enchanted morningstar and wearing a robe The mass of ice explodes!
The iceblast engulfs the wight.
The wight partially resists.
The wight is moderately damaged.
The iceblast engulfs the wight.
The wight partially resists.
The wight is moderately damaged.
The iceblast engulfs the wight.
The wight partially resists.
The wight is moderately damaged.
The wight hits you but does no damage. The wight completely misses you.
Unknown command.
Evoke which item? (* to show all) (? for menu, Esc to quit)
Aiming: Iceblast
Press: ? - help, Shift-Dir - straight line, p - wight
Okay, then.
The wight hits you but does no damage.
Evoke which item? (* to show all) (? for menu, Esc to quit)
Okay, then.
You feel very mighty all of a sudden.
The wight hits you but does no damage. x2
Wield which item (- for none, * to show all)? (? for menu, Esc to quit)
m - a +0 war axe (weapon)
The wight completely misses you.
You slash the wight!
You destroy the wight!
Cheibriados appreciates the change of pace.
The wight hits you from afar with a trident.
* * * LOW HITPOINT WARNING * * *
The wight hits you but does no damage. The wight hits you but does no damage.
You hit the wight. You kick the wight.
You destroy the wight!
Cheibriados appreciates the change of pace.
The wight misses you.
You slash the wight!
You destroy the wight!
Cheibriados appreciates the change of pace.
The phantom blinks!
The wight closely misses you. The wight closely misses you.
Items here: ))) [[[ You closely miss the wight.
Your kick misses the wight.
The wight hits you with a halberd of freezing.
* * * LOW HITPOINT WARNING * * *
The wight freezes you.
* * * LOW HITPOINT WARNING * * *
You slash the wight! Your kick misses the wight.
The wight is heavily damaged.
You barely miss the phantom.
The phantom hits you but does no damage.
The wight hits you with a halberd of freezing.
* * * LOW HITPOINT WARNING * * *
The wight freezes you.
* * * LOW HITPOINT WARNING * * *
You hit the wight. You bite the wight, but do no damage.
The wight is severely damaged.
You closely miss the phantom. The phantom closely misses you.
The wight hits you with a halberd of freezing!
* * * LOW HITPOINT WARNING * * *
You feel drained.
* * * LOW HITPOINT WARNING * * *
The wight freezes you.
You die...

....########## # #####
(.. # #...# #(# #
#...###.##############
#...##................
#...##..##############
#...##.....W..........
#...##z###############
#...W@.# ##.##### #.#
#.# #. #. #.


You could see a phantom and a wight.

Vanquished Creatures
  An orc warrior (D:8)
  An ogre (D:5)
  A centaur (D:8)
  4 wights (D:8)
  A gnoll shaman (D:3)
  2 jellies
  A bullfrog skeleton (D:5)
  2 worker ants (D:6)
  5 adders
  4 gnolls (D:3)
  A shadow imp (D:5)
  An ooze (D:2)
  An adder skeleton (D:5)
  2 worms
  2 leopard geckos
  3 orcs
  3 bats
  3 giant cockroaches
  5 hobgoblins
  7 jackals
  2 frilled lizards
  4 goblins
  4 kobolds
  A quokka zombie (D:6)
  7 rats
68 creatures vanquished.

Notes
Turn   | Place    | Note
-------+----------+-------------------------------------------
     0 | D:1      | tidbits the Gnoll Wanderer began the quest for the Orb.
     0 | D:1      | tidbits set off with: a +2 scale mail, a +0 hand axe, a scroll of teleportation, a ration
     0 | D:1      | Reached XP level 1. HP: 23/23 MP: 1/1
   121 | D:1      | Reached XP level 2. HP: 27/29 MP: 2/2
   240 | D:2      | Reached XP level 3. HP: 26/35 MP: 3/3
   259 | D:1      | Found a snail-covered altar of Cheibriados.
   267 | D:1      | Became a worshipper of Cheibriados the Contemplative
   380 | D:2      | Noticed Natasha
   391 | D:2      | Found a stormy altar of Qazlal.
   437 | D:3      | Reached skill level 1 in Invocations
   513 | D:2      | Reached skill level 1 in Short Blades
   513 | D:2      | Reached skill level 1 in Long Blades
   513 | D:2      | Reached skill level 1 in Maces & Flails
   513 | D:2      | Reached skill level 1 in Polearms
   513 | D:2      | Reached skill level 1 in Staves
   513 | D:2      | Reached skill level 1 in Slings
   513 | D:2      | Reached skill level 1 in Bows
   513 | D:2      | Reached skill level 1 in Crossbows
   513 | D:2      | Reached skill level 1 in Throwing
   513 | D:2      | Reached skill level 1 in Dodging
   513 | D:2      | Reached skill level 1 in Unarmed Combat
   513 | D:2      | Reached skill level 1 in Spellcasting
   513 | D:2      | Reached skill level 1 in Evocations
   514 | D:2      | Reached XP level 4. HP: 38/41 MP: 5/5
   590 | D:3      | Gained mutation: You have large cloven feet. [potion of mutation]
   590 | D:3      | Gained mutation: You are agile. (Dex +2) [potion of mutation]
   601 | D:3      | Reached skill level 1 in Conjurations
   601 | D:3      | Reached skill level 1 in Hexes
   601 | D:3      | Reached skill level 1 in Charms
   601 | D:3      | Reached skill level 1 in Summonings
   601 | D:3      | Reached skill level 1 in Necromancy
   601 | D:3      | Reached skill level 1 in Translocations
   601 | D:3      | Reached skill level 1 in Transmutations
   601 | D:3      | Reached skill level 1 in Fire Magic
   601 | D:3      | Reached skill level 1 in Ice Magic
   601 | D:3      | Reached skill level 1 in Air Magic
   601 | D:3      | Reached skill level 1 in Earth Magic
   601 | D:3      | Reached skill level 1 in Poison Magic
   604 | D:3      | Reached XP level 5. HP: 21/47 MP: 6/6
   639 | D:2      | Reached * piety under Cheibriados
   703 | D:4      | Noticed Blork the orc
   731 | D:5      | Entered Level 5 of the Dungeon
   783 | D:5      | Reached skill level 3 in Shields
   927 | D:5      | Identified the Papyrus of the Voyage and Evil Rituals
   933 | D:5      | Learned a level 4 spell: Passage of Golubria
  1039 | D:6      | Found a sparkling altar of Nemelex Xobeh.
  1070 | D:6      | Reached XP level 6. HP: 34/53 MP: 8/8
  1073 | D:6      | Found a staircase to the Ecumenical Temple.
  1074 | D:6      | Noticed a slave
  1075 | D:6      | Noticed Pikel
  1076 | D:6      | Noticed a slave
  1077 | D:6      | Noticed a slave
  1091 | D:6      | Noticed a slave
  1112 | D:6      | Noticed an ice beast
  1158 | D:6      | Reached skill level 3 in Stealth
  1158 | D:6      | Reached skill level 2 in Invocations
  1218 | D:5      | Reached skill level 2 in Short Blades
  1218 | D:5      | Reached skill level 2 in Long Blades
  1218 | D:5      | Reached skill level 5 in Axes
  1218 | D:5      | Reached skill level 2 in Maces & Flails
  1218 | D:5      | Reached skill level 2 in Polearms
  1218 | D:5      | Reached skill level 2 in Staves
  1218 | D:5      | Reached skill level 2 in Slings
  1218 | D:5      | Reached skill level 2 in Bows
  1218 | D:5      | Reached skill level 2 in Crossbows
  1218 | D:5      | Reached skill level 2 in Throwing
  1218 | D:5      | Reached skill level 2 in Dodging
  1218 | D:5      | Reached skill level 2 in Unarmed Combat
  1218 | D:5      | Reached skill level 2 in Spellcasting
  1218 | D:5      | Reached skill level 2 in Evocations
  1447 | D:8      | Noticed an orc warrior
  1463 | D:8      | Reached XP level 7. HP: 49/59 MP: 6/10
  1465 | D:8      | Reached skill level 7 in Fighting
  1465 | D:8      | Reached skill level 7 in Armour
  1467 | D:8      | Reached skill level 2 in Conjurations
  1467 | D:8      | Reached skill level 2 in Hexes
  1467 | D:8      | Reached skill level 2 in Charms
  1467 | D:8      | Reached skill level 2 in Summonings
  1467 | D:8      | Reached skill level 2 in Necromancy
  1467 | D:8      | Reached skill level 2 in Translocations
  1467 | D:8      | Reached skill level 2 in Transmutations
  1467 | D:8      | Reached skill level 2 in Fire Magic
  1467 | D:8      | Reached skill level 2 in Ice Magic
  1467 | D:8      | Reached skill level 2 in Air Magic
  1467 | D:8      | Reached skill level 2 in Earth Magic
  1467 | D:8      | Reached skill level 2 in Poison Magic
  1521 | D:8      | HP: 4/60 [wight/halberd of freezing (7)]
  1521 | D:8      | HP: 1/60 [wight/halberd of freezing (3)]
  1521 | D:8      | Slain by a wight

Skill      XL: |  1  2  3  4  5  6  7 |
---------------+----------------------+-----
Invocations    | 1 2 |  2.9
Short Blades   | 1 2 |  2.6
Long Blades    | 1 2 |  2.6
Maces & Flails | 1 2 |  2.6
Polearms       | 1 2 |  2.6
Staves         | 1 2 |  2.6
Slings         | 1 2 |  2.6
Bows           | 1 2 |  2.6
Crossbows      | 1 2 |  2.6
Throwing       | 1 2 |  2.6
Dodging        | 1 2 |  2.6
Unarmed Combat | 1 2 |  2.6
Spellcasting   | 1 2 |  2.6
Evocations     | 1 2 |  2.6
Conjurations   | 1 2 |  2.1
Hexes          | 1 2 |  2.1
Charms         | 1 2 |  2.1
Summonings     | 1 2 |  2.1
Necromancy     | 1 2 |  2.1
Translocations | 1 2 |  2.1
Transmutations | 1 2 |  2.1
Fire Magic     | 1 2 |  2.1
Ice Magic      | 1 2 |  2.1
Air Magic      | 1 2 |  2.1
Earth Magic    | 1 2 |  2.1
Poison Magic   | 1 2 |  2.1
Shields        | 3 |  3.7
Stealth        | 3 |  3.6
Axes           | 5 |  5.3
Fighting       | 7 |  7.1
Armour         | 7 |  7.1

Action                   |  1- 3 |  4- 6 |  7- 9 || total
-------------------------+-------+-------+-------++-------
Melee: Hand axe          |    83 |   108 |    14 ||   205
       Bite              |     7 |    15 |     4 ||    26
       Kick              |       |    36 |    11 ||    47
       Punch             |       |     1 |       ||     1
       War axe           |       |       |     6 ||     6
Throw: Tomahawk          |       |     8 |     5 ||    13
Invok: Bend Time         |       |     3 |       ||     3
Evoke: Wand              |       |     1 |     3 ||     4
  Use: Scroll            |     1 |    11 |     1 ||    13
       Potion            |     1 |     4 |     1 ||     6
  Eat: Ration            |     1 |     1 |       ||     2
Armor: Scale mail        |    75 |    58 |    17 ||   150
Dodge: Dodged            |    57 |    59 |    23 ||   139

Table legend:
 A = Turns spent in this place as a percentage of turns spent in the entire game.
 B = Non-inter-level travel turns spent in this place as a percentage of non-inter-level travel turns spent in the entire game.
 C = Inter-level travel turns spent in this place as a percentage of turns spent in this place.
 D = Turns resting spent in this place as a percentage of non-inter-level travel turns spent in this place.
 E = Turns spent auto-exploring this place as a percentage of non-inter-level travel turns spent in this place.
 F = Non-inter-level travel turns spent in this place divided by the number of levels of this place that you've seen.
                   A       B       C       D       E      F
               +-------+-------+-------+-------+-------+----------------------
         Total | 100.0 | 100.0 |   1.8 |   0.0 |   1.7 | 186.8
       Dungeon | 100.0 | 100.0 |   1.8 |   0.0 |   1.7 | 186.8
               +-------+-------+-------+-------+-------+----------------------

Table legend:
 A = Kills in this place as a percentage of kills in entire the game.
 B = Kills by you in this place as a percentage of kills by you in the entire game.
 C = Kills by friends in this place as a percentage of kills by friends in the entire game.
 D = Other kills in this place as a percentage of other kills in the entire game.
 E = Experience gained in this place as a percentage of experience gained in the entire game.
 F = Experience gained in this place divided by the number of levels of this place that you have seen.
                   A       B       C       D       E      F
               +-------+-------+-------+-------+-------+----------------------
         Total | 100.0 | 100.0 |   N/A |   N/A | 100.0 | 133.0
       Dungeon | 100.0 | 100.0 |   N/A |   N/A | 100.0 | 133.0
               +-------+-------+-------+-------+-------+----------------------

Vault maps used:
D:1:      dpeg_arrival_solitude, cheibriados_altar_1
D:2:      nicolae_qazlal_general_emergency, overflow_temple_1_default,
          grunt_ministairs_8, minmay_pentomino_s2, uniq_sigmund, uniq_natasha
D:3:      nicolae_overflow_crystal_walls, tso_altar, minmay_liquid_box,
          minmay_ruptured, uniq_robin
D:4:      nicolae_ru_awakened_eye, first_ration, uniq_grinder,
          uniq_blork_the_orc
D:6:      minmay_temple_entry_grid, basic_altar, uniq_pikel
D:7:      lemuel_ratsnest, lemuel_crystal_altar, kennysheep_mini_moat
D:8:      grunt_pizzeria, uniq_maurice, uniq_grum
